 Dungeon Crawl Stone Soup version 0.31-a0-846-gb3bcc0d938 (webtiles) character file.

Game seed: 10383199342688084499

3047 IndexError the Geomancer (level 9, -3/45 HPs)
             Began as a Gargoyle Earth Elementalist on Oct 4, 2023.
             Was an Initiate of Vehumet.
             Slain by a yak (8 damage)
             ... on level 7 of the Dungeon.
             The game lasted 00:10:48 (8895 turns).

IndexError the Geomancer (GrEE)                     Turns: 8895, Time: 00:10:49

Health: -3/45      AC: 16    Str: 12    XL:     9   Next: 87%
Magic:  18/22      EV: 11    Int: 20    God:    Vehumet [......]
Gold:   539        SH:  0    Dex: 10    Spells: 18/26 levels left

rFire   . . .        z - +1 whip (elec)
rCold   . . .        (no shield)
rNeg    + . .        L - +0 steam dragon scales
rPois   ∞            k - +0 helmet
rElec   +            i - +0 cloak
rCorr   .            G - +2 pair of gloves
SInv    +            (no boots)
Will    .....        (no amulet)
Stlth   ++           g - ring of wizardry {Wiz+, !d}
HPRegen 0.27/turn    s - ring of see invisible {sInv, !d}
MPRegen 0.18/turn

%: wizardry (x1)
@: no status effects
A: sickness immunity, AC +6, negative energy resistance 1, electricity
resistance, torment resistance 1, petrification resistance
a: Renounce Religion


You were on level 7 of the Dungeon.
You worshipped Vehumet.
Vehumet was noncommittal.
You visited 2 branches of the dungeon, and saw 9 of its levels.
You also visited: Ossuary.

You collected 539 gold pieces.

Inventory:

Hand Weapons
 z - a +1 whip of electrocution (weapon)
   (You took it off an orc on level 4 of the Dungeon)
Missiles
 r - a throwing net {=f, !d}
 A - 3 javelins
 C - 6 curare-tipped darts
Armour
 i - a +0 cloak (worn)
   (You found it on level 1 of the Dungeon)
 k - a +0 helmet (worn)
   (You found it on level 4 of the Dungeon)
 G - a +2 pair of gloves (worn)
   (You found it on level 6 of the Dungeon)
 L - +0 steam dragon scales (worn)
   (You found it on level 7 of the Dungeon)
Magical Staves
 m - a staff of death {rN+}
   (You found it on level 2 of the Dungeon)
Jewellery
 g - a ring of wizardry (left hand) {Wiz+, !d}
   (You found it on level 1 of the Dungeon)
 s - a ring of see invisible (right hand) {sInv, !d}
   (You found it on level 4 of the Dungeon)
 D - an amulet of faith {Faith, !P}
   (You found it on level 5 of the Dungeon)
Scrolls
 e - 2 scrolls of enchant armour {unknown}
 h - 2 scrolls of blinking {unknown}
 j - 2 scrolls of vulnerability {unknown}
 n - 3 scrolls of enchant weapon {unknown}
 p - 4 scrolls of teleportation {unknown}
 q - a scroll of noise {!r}
 t - 4 scrolls of poison {unknown}
 u - a scroll of revelation
 w - a scroll of amnesia
 y - a scroll of acquirement
 E - 2 scrolls of immolation {unknown}
 F - a scroll of torment {!r}
 J - a scroll of brand weapon {unknown}
Potions
 b - a potion of magic
 c - 3 potions of might {unknown}
 d - 2 potions of ambrosia {unknown}
 f - 3 potions of degeneration {unknown}
 l - 3 potions of mutation {unknown}
 o - 7 potions of curing {unknown}
 v - a potion of cancellation {unknown}
 x - a potion of haste {unknown}
 H - a potion of lignification {unknown}
 K - a potion of heal wounds {unknown}


   Skills:
 - Level 1.5 Dodging
 - Level 2.1 Stealth
 + Level 9.1 Spellcasting
 + Level 5.4 Conjurations
 - Level 0.7 Transmutations
 - Level 10.0 Earth Magic


You had 18 spell levels left.
You knew the following spells:

 Your Spells              Type           Power      Damage    Failure   Level
a - Sandblast             Erth           98%        2d20      1%          1
b - Brom's Barrelling Bo  Conj/Erth      40%        2d6       1%          4
x - Stone Arrow           Conj/Erth      80%        3d12      1%          3

Your spell library contained the following spells:

 Spells                   Type           Power      Damage    Failure   Level
 Passwall                 Tmut/Erth      25%        N/A       1%          2
 Petrify                  Tmut/Erth      30%        N/A       3%          4
 Scorch                   Fire           18%        2d5       4%          2
 Flame Wave               Conj/Fire      20%        2d7       10%         4
 Summon Forest            Summ/Tloc      4%         N/A       61%         5
 Eringya's Noxious Bog    Tmut/Pois      5%         4d6       98%         6
 Summon Cactus Giant      Summ           4%         N/A       98%         6
 Summon Hydra             Summ           4%         N/A       100%        7


Dungeon Overview and Level Annotations

Branches:
Dungeon (8/15)             Temple (1/1) D:5         Ossuary (visited)
   Lair: D:8-11

Altars:
Ashenzari
Cheibriados
Dithmenos
Elyvilon
Fedhas
Gozag
Hepliaklqana
Kikubaaqudgha
Nemelex Xobeh
Okawaru
Qazlal
Ru
Sif Muna
Trog
Uskayaw
Vehumet
Wu Jian
Xom
Yredelemnul
Zin
The Shining One

Shops:
D:2 ?   D:5 :

Annotations:
D:7 2 transporters, Mindmass's ghost, novice HuCj


Innate Abilities, Weirdness & Mutations

You are immune to sickness and miasma.
Your stone body is resilient. (AC +6)
You are immune to poison.
You resist negative energy. (rN+)
You are resistant to electric shocks. (rElec)
You are resistant to unholy torment.
You are immune to petrification.


Message History

There is a stone staircase leading up here.
There is a stone staircase leading up here.
You open the door.
There is an open door here.
As you open the door, it creaks loudly!
There is an open door here.
A sky beast and a two-headed ogre come into view.
The two-headed ogre shouts in stereo!
There are monsters nearby!
The blast of sand hits the sky beast!
You now have 20/21 mp.
The blast of sand hits the sky beast!!
Vehumet accepts your kill.
You now have 19/21 mp.
The blast of sand hits the two-headed ogre!!
You now have 18/21 mp.
The blast of sand hits the two-headed ogre!!
The two-headed ogre hits you but does no damage.
The two-headed ogre barely misses you.
The blast of sand hits the two-headed ogre!!
Vehumet accepts your kill.
Your Spellcasting skill increases to level 9!
Your Conjurations skill gained 2 levels and is now at level 5!
You now have 17/22 mp.
You can't see any susceptible monsters within range! (Use Z to cast anyway.)
There is an open door here.
There is an open door here.
There is a stone staircase leading up here.
You regained 2 mp, and now have 19/22 mp.
As you read the scroll labelled LEERABIBLU, it crumbles to dust.
It is a scroll of identify.
q - a scroll of noise
As you read the scroll of identify, it crumbles to dust.
F - a scroll of torment
As you read the scroll of identify, it crumbles to dust.
w - a scroll of amnesia
As you read the scroll of identify, it crumbles to dust.
u - a scroll of revelation
As you read the scroll of identify, it crumbles to dust.
y - a scroll of acquirement
Okay, then.
Unknown command.
Magic restored.
There is a stone staircase leading up here.
There is an open door here.
You open the door. 3 yaks come into view.
The yak bellows! x2; You hear a shout!
A yak comes into view.
A white imp comes into view.
An ufetubus comes into view.
MP restored: 22 The blast of sand hits the yak!
The white imp shouts, "Quit, thou churlish dismal-dreaming pimple!"
The yak bellows! x2
You now have 21/22 mp.
The blast of sand hits the yak but does no damage.
A yak comes into view.
You now have 20/22 mp.
The blast of sand hits the yak!!
The yak gores you but does no damage. The yak closely misses you.
You now have 19/22 mp.
The blast of sand hits the yak!!
Vehumet accepts your kill.
The blast of sand hits the yak!
The yak gores you but does no damage. The yak gores you.
You take 3 damage, and have 42/45 hp.
You now have 18/22 mp.
The blast of sand hits the yak but does no damage.
The yak gores you but does no damage.
You now have 17/22 mp.
The blast of sand hits the yak!!
The yak gores you. The yak misses you. The yak gores you but does no damage.
The yak gores you! The yak gores you. x2
You take 21 damage, and have 21/45 hp.
MASSIVE DAMAGE!!
You now have 16/22 mp.
You are too injured to fight recklessly!
The yak gores you but does no damage. The yak barely misses you.
The yak attacks as it pursues you! The yak barely misses you.
The yak attacks as it pursues you! The yak gores you!
* * * LOW HITPOINT WARNING * * *
The yak attacks as it pursues you! The yak gores you but does no damage.
You take 11 damage, and have 11/45 hp.
MASSIVE DAMAGE!!
The yak attacks as it pursues you! The yak gores you but does no damage.
The yak attacks as it pursues you! The yak gores you but does no damage.
The yak attacks as it pursues you! The yak gores you.
* * * LOW HITPOINT WARNING * * *
You take 5 damage, and have 7/45 hp.
The yak attacks as it pursues you! The yak gores you.
* * * LOW HITPOINT WARNING * * *
You take 3 damage, and have 4/45 hp.
The white imp grinds its teeth.
The yak attacks as it pursues you! The yak gores you but does no damage.
There is a stone staircase leading up here.
You climb upwards.
Level annotation: 2 transporters, Mindmass's ghost, novice HuCj
There is a stone staircase leading down here.
Casting: Sandblast (safe; 1% risk of failure)
Confirm with . or Enter, or press ? or * to list all spells.
Aiming: Sandblast (safe; 1% risk of failure)
Press: ? - help, Shift-Dir - straight line, f - yak
Aim: a yak (91% to hit)
The blast of sand hits the yak!
The yak gores you!
You die...

#.....# #.# #.#
#.##### #.# #.#
#.# #.# #.# #.#
#.# #.# #.# #.#
#.# #.# #.# #.#
#.#########.# #.#
............# #Y#
......####.#####@#
#.##### #.......#
#.########.#######
#..........#######
######...........#
#.###.#####.# ###
#.##.#.## #.#
..####.#.###.###.#
#.......## ##.##.#


You could see a yak.

Vanquished Creatures
  A two-headed ogre (D:8)
  A hornet (D:7)
  Grinder (D:4)
  A yak (D:8)
  A steam dragon (D:7)
  Menkaure (Ossuary)
  Duvessa (D:5)
  A sky beast (D:8)
  A black bear (D:4)
  A gnoll sergeant (D:6)
  2 bullfrogs
  4 scorpions
  A wight (D:6)
  Dowan (D:5)
  An electric eel (D:6)
  A jelly (D:5)
  2 hounds
  2 orc priests
  A sleepcap (D:5)
  6 iguanas
  An orc wizard (D:7)
  3 mummies (Ossuary)
  Robin (D:4)
  15 gnolls
  10 adders
  A white imp (D:8)
  An ufetubus (D:6)
  3 dart slugs
  18 orcs
  5 bats
  11 endoplasms
  A giant cockroach (D:1)
  5 gnoll zombies (Ossuary)
  19 goblins
  9 hobgoblins
  9 jackals
  8 kobolds
  5 quokkas
  14 ball pythons
  7 frilled lizards
  6 gnoll skeletons (Ossuary)
  5 goblin skeletons (Ossuary)
  2 goblin zombies (Ossuary)
  3 hobgoblin skeletons (Ossuary)
  6 hobgoblin zombies (Ossuary)
  A jackal zombie (D:4)
  4 kobold skeletons (Ossuary)
  4 kobold zombies (Ossuary)
  4 orc skeletons (Ossuary)
  3 orc zombies (Ossuary)
  8 rats
  3 rat skeletons (Ossuary)
  5 rat zombies (Ossuary)
231 creatures vanquished.

Notes
Turn   | Place    | Note
-------+----------+-------------------------------------------
     0 | D:1      | IndexError the Gargoyle Earth Elementalist began the quest
                  | for the Orb.
     0 | D:1      | Reached XP level 1. HP: 10/10 MP: 3/3
    86 | D:1      | Reached XP level 2. HP: 15/15 MP: 0/5
    99 | D:1      | Reached skill level 4 in Earth Magic
   682 | D:1      | Reached XP level 3. HP: 19/19 MP: 4/6
  1460 | D:2      | Reached skill level 3 in Spellcasting
  1463 | D:2      | Reached XP level 4. HP: 24/24 MP: 2/8
  1572 | D:2      | Reached skill level 5 in Earth Magic
  1860 | D:2      | Reached XP level 5. HP: 28/28 MP: 8/10
  1995 | D:2      | Found Fuunusto's Magic Scroll Boutique.
  2210 | D:2      | Learned a level 3 spell: Stone Arrow
  2732 | D:3      | Found a faded altar of an unknown god.
  2832 | D:3      | Reached skill level 4 in Spellcasting
  3112 | D:3      | Reached skill level 6 in Earth Magic
  3531 | D:4      | Noticed a black bear
  3532 | D:4      | Found a sand-covered staircase.
  3541 | D:4      | Killed a black bear
  3542 | D:4      | Reached XP level 6. HP: 32/32 MP: 7/12
  3555 | D:4      | Noticed Grinder
  3586 | D:4      | Paralysed by Grinder for 2 turns
  3589 | D:4      | Killed Grinder
  3590 | D:4      | Reached skill level 5 in Spellcasting
  3590 | D:4      | Reached skill level 7 in Earth Magic
  3590 | D:4      | Reached XP level 7. HP: 28/36 MP: 8/14
  3608 | Ossuary  | Entered an ossuary
  4173 | Ossuary  | Noticed Menkaure
  4178 | Ossuary  | Killed Menkaure
  4629 | D:4      | Noticed Robin
  4636 | D:4      | Killed Robin
  4637 | D:4      | Reached skill level 8 in Earth Magic
  5066 | D:5      | Entered Level 5 of the Dungeon
  5206 | D:5      | Found Teytseack's Tiny Tomes.
  5235 | D:5      | Reached XP level 8. HP: 41/41 MP: 12/16
  5311 | D:5      | Reached skill level 6 in Spellcasting
  5370 | D:5      | Noticed Duvessa
  5372 | D:5      | Noticed Dowan
  5395 | D:5      | HP: 8/41 [orc priest/divine providence (10)]
  5703 | D:5      | Found a shadowy altar of Dithmenos.
  5835 | D:5      | Killed Duvessa
  5835 | D:5      | HP: 9/41 [Dowan/stone arrow (10)]
  5836 | D:5      | Reached skill level 9 in Earth Magic
  5965 | D:5      | Killed Dowan
  6056 | D:5      | Found a basalt altar of Yredelemnul.
  6058 | D:5      | Found a sacrificial altar of Ru.
  6115 | D:5      | Found a staircase to the Ecumenical Temple.
  6316 | Temple   | Entered the Ecumenical Temple
  6329 | Temple   | Became a worshipper of Vehumet
  6446 | D:6      | Reached skill level 7 in Spellcasting
  6855 | D:6      | Reached skill level 10 in Earth Magic
  6995 | D:6      | Reached XP level 9. HP: 38/45 MP: 16/20
  7075 | D:6      | Learned a level 4 spell: Brom's Barrelling Boulder
  7207 | D:6      | Reached skill level 1 in Conjurations
  7659 | D:7      | Found a transporter.
  7788 | D:7      | Found a transporter.
  7800 | D:7      | Noticed Mindmass's ghost (novice HuCj)
  7809 | D:7      | Noticed a moth of wrath
  7836 | D:7      | Noticed a hornet
  7844 | D:7      | Killed a hornet
  7845 | D:7      | Reached skill level 8 in Spellcasting
  7845 | D:7      | Reached skill level 2 in Conjurations
  8196 | D:7      | HP: 6/45 [steam dragon/ball of steam (20)]
  8199 | D:7      | Reached skill level 3 in Conjurations
  8401 | D:7      | Found a shimmering blue altar of Sif Muna.
  8815 | D:8      | Noticed a two-headed ogre
  8820 | D:8      | Killed a two-headed ogre
  8821 | D:8      | Reached skill level 9 in Spellcasting
  8821 | D:8      | Reached skill level 5 in Conjurations
  8838 | D:8      | Identified a scroll of acquirement
  8885 | D:8      | HP: 11/45 [yak (11)]
  8890 | D:8      | HP: 7/45 [yak (6)]
  8895 | D:7      | Slain by a yak

Illustrated notes

Levels and vault maps discovered:
D:1:      lemuel_arrival_room, layout_basic
D:2:      layout_rooms, serial_shops, nicolae_shop_back_alley_shop
D:3:      layout_basic, shapermc_ecumenical_altar_mp_ritualfount, fountainhead
D:4:      layout_rooms, enter_ossuary_3, uniq_grinder, uniq_robin
D:5:      layout_cave_pools, kennysheep_mini, gammafunk_temple_overflow_pools,
          temple_hall, nicolae_shop_i_like_small_books_too, uniq_duvessa
D:6:      layout_basic, serial_curves, eino_curves_03, eino_curves_02,
          kennysheep_opposing_triangles
D:7:      layout_loops_ring, mainiacjoe_overflow_alcove_2,
          gammafunk_ghost_berserking_beasts
D:8:      layout_gridville, serial_demonic, serial_demonic_e, serial_demonic_e,
          serial_demonic_f, serial_demonic_b
Temple:   bh_familiar_temple

Skill      XL: |  1  2  3  4  5  6  7  8  9 |
---------------+----------------------------+-----
Earth Magic    | 4 5 6 7 8 10 | 10.0
Spellcasting   | 3 4 5 7 9 |  9.1
Conjurations   | 5 |  5.4
Dodging        | |  1.5
Stealth        | |  2.1
Transmutations | |  0.7

Action                     |  1- 3 |  4- 6 |  7- 9 || total
---------------------------+-------+-------+-------++-------
  Melee: Unarmed           |    11 |       |       ||    11
         Dagger            |     4 |       |       ||     4
         Punch             |     1 |       |       ||     1
         Short sword       |       |     1 |       ||     1
         Whip              |       |       |     1 ||     1
   Cast: Sandblast         |    56 |    78 |   210 ||   344
    Use: Scroll            |       |       |     5 ||     5
 Armour: Robe              |    27 |    23 |    93 ||   143
         Steam dragon scal |       |       |    19 ||    19
  Dodge: Dodged            |    25 |    20 |    65 ||   110

Table legend: (Time is in decaauts)
 A = Elapsed time spent in this place.
 B = Non-inter-level travel time spent in this place.
 C = Inter-level travel time spent in this place.
 D = Time resting spent in this place.
 E = Time spent auto-exploring this place.
 F = Levels seen in this place.
 G = Mean time per level.
                   A        B        C        D        E       F      G
               +--------+--------+--------+--------+--------+-----+--------+
         Total |   9070 |   8343 |    727 |    105 |   6956 |  10 |  907.0 |
       Dungeon |   8219 |   7501 |    718 |      0 |   6481 |   8 | 1027.4 |
        Temple |     23 |     14 |      9 |      0 |      0 |   1 |   23.0 |
       Ossuary |    827 |    827 |      0 |    105 |    475 |   1 |  827.0 |
               +--------+--------+--------+--------+--------+-----+--------+

Top non-repeatable levels by time:
     D:1: 1555 daAuts
     D:3: 1373 daAuts
     D:7: 1215 daAuts
     D:6: 1185 daAuts
     D:5: 1067 daAuts
     D:4: 939 daAuts
 Ossuary: 827 daAuts
     D:2: 771 daAuts
     D:8: 109 daAuts
  Temple: 23 daAuts

Levels and vault maps discovered:
D:1:      lemuel_arrival_room, layout_basic
D:2:      layout_rooms, serial_shops, nicolae_shop_back_alley_shop
D:3:      layout_basic, shapermc_ecumenical_altar_mp_ritualfount, fountainhead
D:4:      layout_rooms, enter_ossuary_3, uniq_grinder, uniq_robin
D:5:      layout_cave_pools, kennysheep_mini, gammafunk_temple_overflow_pools,
          temple_hall, nicolae_shop_i_like_small_books_too, uniq_duvessa
D:6:      layout_basic, serial_curves, eino_curves_03, eino_curves_02,
          kennysheep_opposing_triangles
D:7:      layout_loops_ring, mainiacjoe_overflow_alcove_2,
          gammafunk_ghost_berserking_beasts
D:8:      layout_gridville, serial_demonic, serial_demonic_e, serial_demonic_e,
          serial_demonic_f, serial_demonic_b
Temple:   bh_familiar_temple

Table legend: (Time is in decaauts)
 A = Elapsed time spent in this place.
 B = Non-inter-level travel time spent in this place.
 C = Inter-level travel time spent in this place.
 D = Time resting spent in this place.
 E = Time spent auto-exploring this place.
 F = Levels seen in this place.
 G = Mean time per level.
                   A        B        C        D        E       F      G
               +--------+--------+--------+--------+--------+-----+--------+
         Total |   9070 |   8343 |    727 |    105 |   6956 |  10 |  907.0 |
       Dungeon |   8219 |   7501 |    718 |      0 |   6481 |   8 | 1027.4 |
        Temple |     23 |     14 |      9 |      0 |      0 |   1 |   23.0 |
       Ossuary |    827 |    827 |      0 |    105 |    475 |   1 |  827.0 |
               +--------+--------+--------+--------+--------+-----+--------+

Top non-repeatable levels by time:
     D:1: 1555 daAuts
     D:3: 1373 daAuts
     D:7: 1215 daAuts
     D:6: 1185 daAuts
     D:5: 1067 daAuts
     D:4: 939 daAuts
 Ossuary: 827 daAuts
     D:2: 771 daAuts
     D:8: 109 daAuts
  Temple: 23 daAuts

Table legend:
 A = Kills in this place as a percentage of kills in the entire game.
 B = Kills by you in this place as a percentage of kills by you in the entire game.
 C = Kills by friends in this place as a percentage of kills by friends in the entire game.
 D = Other kills in this place as a percentage of other kills in the entire game.
 E = Experience gained in this place as a percentage of experience gained in the entire game.
 F = Experience gained in this place divided by the number of levels of this place that you have seen.
                   A       B       C       D       E      F
               +-------+-------+-------+-------+-------+----------------------
         Total | 100.0 | 100.0 |   N/A |   N/A | 100.0 | 435.3
       Dungeon |  76.6 |  76.6 |   N/A |   N/A |  93.4 | 508.4
       Ossuary |  23.4 |  23.4 |   N/A |   N/A |   6.6 | 286.0
               +-------+-------+-------+-------+-------+----------------------
